 Dungeon Crawl Stone Soup version 0.24-a0-773-g3be9bf8 (webtiles) character file.

Game seed: 4176862424104976929, levelgen mode: deterministic

169 DrEnzyme the Sneak (level 5, 0/49 HPs)
             Began as a Naga Wanderer on Oct 6, 2019.
             Slain by an iguana (4 damage)
             ... on level 4 of the Dungeon.
             The game lasted 00:10:56 (3003 turns).

DrEnzyme the Sneak (Naga Wanderer)                  Turns: 3003, Time: 00:10:57

Health: 0/49       AC:  4    Str: 16    XL:     5   Next: 50%
Magic:  5/5        EV:  9    Int: 12    God:
Gold:   53         SH:  0    Dex: 10    Spells: 4/4 levels left

rFire    . . .     SeeInvis +   a - +1 short sword (freeze)
rCold    . . .     Gourm    .   (no shield)
rNeg     . . .     Faith    .   d - +0 robe
rPois    +         Spirit   .   (no helmet)
rElec    .         Reflect  .   r - +0 cloak
rCorr    .         Harm     .   (no gloves)
MR       .....                  (no barding)
Stlth    ++........             (no amulet)
HPRegen  0.16/turn              (no ring)
MPRegen  0.09/turn              (no ring)

@: hasted, quick
A: large, see invisible, deformed body, poison resistance, slowness 2, slow
metabolism 1, spit poison 1, AC +1
a: Spit Poison


You were on level 4 of the Dungeon.
You were not hungry.

You visited 1 branch of the dungeon, and saw 4 of its levels.

You collected 53 gold pieces.

Inventory:

Hand Weapons
 a - a +1 short sword of freezing (weapon)
 b - a +2 shortbow
Missiles
 e - 55 arrows
 q - 13 poisoned darts (quivered)
Armour
 d - a +0 robe (worn)
 r - a +0 cloak (worn)
Scrolls
 g - a scroll of noise {unknown}
 h - 2 scrolls of remove curse
 i - a scroll of enchant weapon {unknown}
 j - 2 scrolls of magic mapping {unknown}
 k - a scroll of immolation {unknown}
 l - a scroll of amnesia
Potions
 c - 2 potions of curing
 m - a potion of berserk rage {unknown}
 n - a potion of resistance {unknown}
 o - a potion of haste
 p - 2 potions of magic {unknown}
Comestibles
 f - 11 rations


   Skills:
 + Level 3.6 Fighting
   Level 1.0 Maces & Flails
 + Level 3.1 Bows
 * Level 2.9 Armour
 + Level 1.0 Dodging
 * Level 4.4 Stealth


You had 4 spell levels left.
You didn't know any spells.
Your spell library was empty.

Dungeon Overview and Level Annotations

Branches:
Dungeon (4/15)
 Temple: D:4-7

Altars:


Innate Abilities, Weirdness & Mutations

You cannot wear boots.
Your serpentine skin is tough. (AC +1)
You have supernaturally acute eyesight. (SInv)
Armour fits poorly on your strangely shaped body.
Your system is resistant to poisons. (rPois)
You cover ground very slowly.
You have a slow metabolism.
You can spit poison.


Message History

The iguana is almost dead.
The iguana bites you but does no damage.
You hit the iguana but do no damage.
The iguana is almost dead.
You hit the iguana but do no damage.
The iguana is almost dead.
The iguana bites you!
* * * LOW HITPOINT WARNING * * *
You hit the iguana but do no damage.
The iguana is almost dead.
The iguana barely misses you.
You completely miss the iguana.
The iguana is almost dead.
You closely miss the iguana.
The iguana is almost dead.
The iguana barely misses you.
You hit the iguana but do no damage.
The iguana is almost dead.
The iguana bites you.
You die...

.# ... .. .# ##
........l##.##
........#........#
......##.#.....#.#
#.$...#..... ...#
#.........##..###
#...............#
.##.........@...#...#
.##........l?### .
........<....#
...#.......## #.
#...##..# ?
##.##.......#
....#......#.#....
..........####.....
.#..###.### #......


You could see an iguana.

Vanquished Creatures
  A worker ant (D:2)
  A gnoll (D:1)
  5 adders
  An ooze (D:2)
  2 worms
  2 dart slugs
  4 leopard geckos
  5 orcs (D:3)
  6 bats
  6 giant cockroaches
  9 goblins
  5 hobgoblins
  5 jackals
  3 quokkas
  5 frilled lizards
  3 kobolds
  7 rats
70 creatures vanquished.

Notes
Turn   | Place    | Note
-------+----------+-------------------------------------------
     0 | D:1      | DrEnzyme the Naga Wanderer began the quest for the Orb.
     0 | D:1      | DrEnzyme set off with the following items: a +2 shortbow,
                  | 26 arrows, 2 potions of lignification, a +0 robe, a +0
                  | dagger, a ration
     0 | D:1      | Reached XP level 1. HP: 21/21 MP: 1/1
    57 | D:1      | You fall into a shaft and drop 1 floor!
   153 | D:1      | Reached XP level 2. HP: 28/28 MP: 2/2
   674 | D:1      | Reached XP level 3. HP: 26/34 MP: 3/3
  1284 | D:2      | Reached skill level 4 in Stealth
  1326 | D:2      | Reached XP level 4. HP: 42/42 MP: 4/4
  2353 | D:3      | Reached skill level 1 in Dodging
  2353 | D:3      | Reached XP level 5. HP: 45/49 MP: 5/5
  3003 | D:4      | Slain by an iguana

Levels and vault maps discovered:
D:1:      shiori_arrival_elements, layout_basic
D:2:      layout_basic, first_ration, kennysheep_generic_room_9
D:3:      cheibrodos_pilgrimage, layout_loops_ring
D:4:      layout_cave_pools, grunt_temple_overflow_diamond,
          evilmike_ruin_ashenzari, uniq_robin, uniq_blork_the_orc

Skill      XL: |  1  2  3  4  5 |
---------------+----------------+-----
Bows           | 2 3 |  3.1
Stealth        | 4 |  4.4
Dodging        | 1 |  1.0
Fighting       | |  3.6
Maces & Flails | |  1.0
Armour         | |  2.9

Action                   |  1- 3 |  4- 6 || total
-------------------------+-------+-------++-------
Melee: Dagger            |    42 |       ||    42
       Short sword       |       |    37 ||    37
 Fire: Shortbow          |    52 |    72 ||   124
 Abil: Spit Poison       |     9 |    16 ||    25
  Use: Potion            |     1 |     2 ||     3
       Scroll            |       |     4 ||     4
 Stab: Sleeping          |       |     1 ||     1
  Eat: Chunk             |     1 |     5 ||     6
Armor: Skin              |     9 |     4 ||    13
       Robe              |    32 |    12 ||    44
Dodge: Dodged            |    51 |    21 ||    72

Table legend:
 A = Non-vault XP
 B = Vault XP
 C = Vault XP percentage of total XP
 D = Non-vault monster count
 E = Vault monster count
 F = Vault count percentage of total count
                 A         B        C        D         E       F
            +---------+---------+-------+---------+---------+-------
      Total |     229 |      13 |   5.4 |      65 |       5 |   7.1
            +---------+---------+-------+---------+---------+-------
        D:1 |      56 |       0 |   0.0 |      23 |       0 |   0.0
        D:2 |      93 |       1 |   1.1 |      22 |       1 |   4.3
        D:3 |      78 |      12 |  13.3 |      19 |       4 |  17.4
        D:4 |       2 |       0 |   0.0 |       1 |       0 |   0.0
            +---------+---------+-------+---------+---------+-------
